 Dungeon Crawl Stone Soup version 0.30-a0-949-g53dc5368d7 (webtiles) character file.

Game seed: 2915158216169943811

407 2tousent the Chopper (level 6, 0/56 HPs)
             Began as a Hill Orc Fighter on Mar 27, 2023.
             Was an Initiate of Beogh.
             Slain by Menkaure (9 damage)
             ... on level 4 of the Dungeon.
             The game lasted 00:04:13 (2445 turns).

2tousent the Chopper (Hill Orc Fighter)             Turns: 2445, Time: 00:04:14

Health: 0/56       AC: 12    Str: 21    XL:     6   Next: 88%
Magic:  6/7        EV:  7    Int:  8    God:    Beogh [......]
Gold:   227        SH:  4    Dex: 10    Spells: 5/5 levels left

rFire   . . .      SeeInvis .    a - +0 war axe (flame)
rCold   . . .      Faith    +    c - +0 buckler
rNeg    . . .      Spirit   .    i - +0 chain mail
rPois   .          Reflect  .    h - +2 helmet
rElec   .          Rampage  .    (no cloak)
rCorr   .                        (no gloves)
Will    .....                    (no boots) Stlth
                                 l - amulet of faith
HPRegen 0.29/turn                (no ring)
MPRegen 0.10/turn                (no ring)

@: mighty
A: no striking features
a: Renounce Religion


You were on level 4 of the Dungeon.
You worshipped Beogh.
Beogh was noncommittal.
You visited 1 branch of the dungeon, and saw 4 of its levels.
You also visited: Sewer.

You collected 227 gold pieces.

Inventory:

Hand Weapons
 a - a +0 war axe of flaming (weapon)
Armour
 b - a +1 scale mail
 c - a +0 buckler (worn)
 h - a +2 helmet (worn)
 i - a +0 chain mail (worn)
Jewellery
 l - an amulet of faith (around neck)
Wands
 j - a wand of acid (11)
Scrolls
 f - 5 scrolls of enchant armour
 m - a scroll of immolation {unknown}
 q - a scroll of identify
Potions
 d - a potion of might
 e - a potion of haste {unknown}
 g - 5 potions of curing
 k - a potion of degeneration {unknown}
 n - a potion of heal wounds {unknown}
 o - a potion of brilliance {unknown}
 p - a potion of lignification {unknown}


   Skills:
 + Level 5.3 Fighting
 * Level 6.4 Axes
 + Level 4.7 Armour
 - Level 4.0 Shields
 + Level 1.6 Invocations


You had 5 spell levels left.
You didn't know any spells.
Your spell library contained the following spells:

 Spells                   Type           Power      Damage    Failure   Level
 Freeze                   Ice            0%         1d3       99%         1
 Dazzling Flash           Conj/Hex       0%         N/A       100%        3
 Frozen Ramparts          Ice            0%         1d1       100%        3
 Hailstorm                Conj/Ice       0%         3d3       100%        3
 Iskenderun's Mystic Bla  Conj/Tloc      0%         2d3       100%        4
 Freezing Cloud           Conj/Ice/Air   0%         6-21      100%        5
 Simulacrum               Ice/Necr       0%         N/A       100%        6
 Starburst                Conj/Fire      0%         6d3       100%        6
 Polar Vortex             Ice            0%         N/A       100%        9


Dungeon Overview and Level Annotations

Branches:
Dungeon (4/15)              Sewer (visited)
 Temple: D:4-7

Altars:
Dithmenos
Qazlal

Annotations:
D:4 Dowan, Menkaure


Message History

A ball python comes into view.
You barely miss Duvessa. Duvessa closely misses you.
You slash Duvessa! You burn Duvessa.
Duvessa is moderately wounded.
Duvessa hits you but does no damage.
You slash Duvessa! You burn Duvessa.
Duvessa is almost dead.
Duvessa hits you but does no damage. Duvessa hits you with a +0 rapier.
You hit Duvessa but do no damage.
Duvessa is almost dead.
You slash the ball python! You burn the ball python.
You kill the ball python!
Beogh accepts your kill. Duvessa hits you with a +0 rapier.
You hit Duvessa. You burn Duvessa.
You kill Duvessa!
Beogh accepts your kill.
You hear a distant wail of despair.
You block Menkaure's attack.
Your Invocations skill increases to level 1!
You barely miss Menkaure. Menkaure hits you but does no damage.
You hit Menkaure. You burn Menkaure.
Menkaure is lightly damaged.
Menkaure closely misses you.
Menkaure calls on the powers of darkness!
Your body is wracked with pain!
You are too injured to fight recklessly!
You are too injured to fight recklessly!
Menkaure hits you!
Menkaure points at you and mumbles some strange words.
Pain shoots through your body!
* * * LOW HITPOINT WARNING * * *
You barely miss Menkaure.
Menkaure is lightly damaged.
Dowan seems to find hidden reserves of power!
Menkaure hits you but does no damage.
Dowan mumbles some strange words.
Dowan blinks!
You feel very mighty all of a sudden. Menkaure hits you!
You die...

#......#. .# ##.......#
..## ##........# ...###
#.........###..>..
##...#...........#. ..
#..# #........>#...
....##..#####..##...#...
#...†..#####......#...
#..##@...# #..........
#..##M.## #..........
#...#...# #..........
##.......####.........
#....................#.
.......†.............##
..(....†....##.......#
..#
.....................#
..##
.M..................##


You could see Menkaure (fast).

Vanquished Creatures
  Duvessa (D:4)
  An ice beast (D:4)
  A scorpion (D:4)
  Ijyb (D:3)
  A hell rat (Sewer)
  3 river rats (Sewer)
  An ufetubus (D:4)
  3 worms
  A dart slug (D:2)
  5 orcs
  3 bats
  3 endoplasms
  2 giant cockroaches
  7 goblins
  2 hobgoblins
  4 kobolds
  5 quokkas
  7 ball pythons
  6 frilled lizards
  10 rats
67 creatures vanquished.

Notes
Turn   | Place    | Note
-------+----------+-------------------------------------------
     0 | D:1      | 2tousent the Hill Orc Fighter began the quest for the Orb.
     0 | D:1      | Reached XP level 1. HP: 19/19 MP: 1/1
    55 | D:1      | Reached skill level 3 in Axes
    82 | D:1      | Reached XP level 2. HP: 27/27 MP: 2/2
   871 | D:2      | Reached XP level 3. HP: 28/33 MP: 3/3
   944 | D:2      | Found a shadowy altar of Dithmenos.
  1165 | D:3      | Found a glowing drain.
  1182 | Sewer    | Entered a sewer
  1216 | Sewer    | Reached skill level 4 in Axes
  1222 | Sewer    | Reached XP level 4. HP: 26/40 MP: 4/4
  1464 | D:3      | Noticed Ijyb
  1475 | D:3      | Killed Ijyb
  1476 | D:3      | Reached XP level 5. HP: 11/47 MP: 5/5
  1876 | D:3      | Became a worshipper of Beogh the Brigand
  2096 | D:3      | Found a stormy altar of Qazlal.
  2207 | D:4      | Noticed Duvessa
  2207 | D:4      | Noticed Dowan
  2251 | D:4      | Noticed an ice beast
  2258 | D:4      | Killed an ice beast
  2259 | D:4      | Reached skill level 5 in Axes
  2259 | D:4      | Reached XP level 6. HP: 38/55 MP: 6/6
  2425 | D:4      | Reached skill level 5 in Fighting
  2425 | D:4      | Reached skill level 6 in Axes
  2431 | D:4      | Noticed Menkaure
  2439 | D:4      | Killed Duvessa
  2440 | D:4      | Reached skill level 1 in Invocations
  2445 | D:4      | Slain by Menkaure

Illustrated notes

Levels and vault maps discovered:
D:1:      spicycebolla_green_bress_n_ham, layout_basic
D:2:      layout_rooms, basic_altar
D:3:      layout_loops_cross, nicolae_qazlal_eye_of_the_storm,
          portal_sewer_entry_f, uniq_ijyb
D:4:      wad_crossroads, layout_cave_pools, minmay_temple_entry_overgrown,
          uniq_menkaure, uniq_duvessa

Skill      XL: |  1  2  3  4  5  6 |
---------------+-------------------+-----
Axes           | 3 4 5 6 |  6.4
Fighting       | 4 5 |  5.3
Armour         | 4 |  4.7
Shields        | 4 |  4.0
Invocations    | 1 |  1.6

Action                     |  1- 3 |  4- 6 || total
---------------------------+-------+-------++-------
  Melee: War axe           |   104 |    95 ||   199
 Invoke: Convert to Beogh  |       |     1 ||     1
    Use: Scroll            |     2 |     4 ||     6
         Potion            |       |     1 ||     1
 Armour: Scale mail        |    12 |       ||    12
         Chain mail        |    42 |    56 ||    98
  Dodge: Dodged            |    37 |    24 ||    61
  Block: Buckler           |    19 |    16 ||    35

Table legend: (Time is in decaauts)
 A = Elapsed time spent in this place.
 B = Non-inter-level travel time spent in this place.
 C = Inter-level travel time spent in this place.
 D = Time resting spent in this place.
 E = Time spent auto-exploring this place.
 F = Levels seen in this place.
 G = Mean time per level.
                   A        B        C        D        E       F      G
               +--------+--------+--------+--------+--------+-----+--------+
         Total |   2527 |   2406 |    121 |      0 |   1828 |   5 |  505.4 |
       Dungeon |   2276 |   2155 |    121 |      0 |   1661 |   4 |  569.0 |
         Sewer |    251 |    251 |      0 |      0 |    167 |   1 |  251.0 |
               +--------+--------+--------+--------+--------+-----+--------+

Top non-repeatable levels by time:
     D:3: 857 daAuts
     D:1: 709 daAuts
     D:2: 490 daAuts
   Sewer: 251 daAuts
     D:4: 219 daAuts
